Cogmind - Beta 14 @@@ ROGUE MODE // 2024.08.24 @ 18:57:44 Player: c05-3m Result: Heading to fleet! Performance ------------- Evolutions (9) 4500 Regions Visited (16) 3200 Robots Destroyed (50) 250 Value Destroyed (1742) 1742 Prototype IDs (45) 900 Alien Tech Used (17) 3400 Bonus (17864) 17864 TOTAL SCORE: 31856 Bonus ------- Triggered Max Security 4000 High Alert Combat Kills 136 Follower Combat Kills 428 Registered with UFD 300 Used Core Reset Matrix 3000 Scanned by Researcher 1000 Pursued by Intercept 1000 Integrated Exoskeleton 5000 Win 3000 Cogmind --------- Core Integrity 1847/1850 Matter 300/300 Energy 288/290 System Corruption 0% Temperature Cool (0) Movement Walking (30) Location To Fleet Rendezvous Parts ------- > --- POWER (1) -------- Light Quantum Reactor > --- PROPULSION (3) --- Sigix Exoskeleton > --- UTILITY (6) ------ Improved Transmission Jammer Backup Plating VII Improved Force Field Antimissile System Microwarp Drive > --- WEAPON (3) ------- Sigix Sheargun HERF Cannon > --- INVENTORY (5) ---- Particle Reactor Transdimensional Reconstructor Terrabomb Enhanced Nova Cannon Powered Hammer Peak State ------------ > --- POWER ------------ Light Quantum Reactor > --- PROPULSION ------- Sigix Exoskeleton > --- UTILITY ---------- Improved Transmission Jammer Backup Plating VII Improved Force Field Antimissile System Microwarp Drive > --- WEAPON ----------- Sigix Sheargun HERF Cannon > --- INVENTORY -------- Particle Reactor Transdimensional Reconstructor Terrabomb Enhanced Nova Cannon Powered Hammer [Rating: 249] Favorites ----------- Power Light Nuclear Core Engine Ion Engine Power Core Light Nuclear Core Reactor Light Quantum Reactor Propulsion Light Treads Treads Light Treads Leg Improved Carbon-fiber Leg Wheel Wheel Flight Unit Cooled VTOL Module Utility Scrap Shield Device Advanced Terrain Scanner Storage Small Storage Unit Processor Advanced Visual Processing Unit Hackware Improved Hacking Suite Protection Scrap Shield Artifact Microwarp Drive Weapon Minigun Energy Gun Sigix Sheargun Energy Cannon HERF Cannon Ballistic Gun Minigun Launcher Sigix Terminator Impact Weapon Powered Hammer Slashing Weapon Makeshift Sword Build | -11 -10 -10 -10 -8 -8 -6 -5 -4 -4 -4 -3 -3 -3 -2 -2 -1 ------- Run | Yrd Mat Min Sub Rec Scr Fac Fac Fac Upp Upp Res Qua Sec Res Tes Acc Slots Evolved 18 | . . . . . . 8 2 2 . . 2 . . 2 . 2 Power 1 | . . . . . . . . 1 . . . . . . . . Propulsion 6 | . . . . . . 3 1 1 . . 1 . . . . . Utility 10 | . . . . . . 5 1 . . . 1 . . 2 . 1 Weapon 1 | . . . . . . . . . . . . . . . . 1 Parts Attached 147 | . . 6 17 4 22 26 5 12 6 3 8 13 16 7 . 2 Power 17 | . . 2 1 . 2 1 . 4 1 . 2 2 1 1 . . Engine 4 | . . 1 . . 1 1 . . 1 . . . . . . . Core 10 | . . 1 1 . 1 . . 2 . . 2 2 1 . . . Reactor 3 | . . . . . . . . 2 . . . . . 1 . . Propulsion 47 | . . 2 6 . 8 14 3 3 1 . 4 4 2 . . . Treads 6 | . . . 4 . . . . . . . . 1 1 . . . Leg 18 | . . 2 . . 5 10 1 . . . . . . . . . Wheel 6 | . . . 2 . 3 . . . . . 1 . . . . . Hover . | . . . . . . . . . . . . . . . . . Flight 17 | . . . . . . 4 2 3 1 . 3 3 1 . . . Utility 50 | . . 1 2 . 10 10 1 5 2 2 2 4 5 4 . 2 Device 20 | . . 1 . . 2 4 1 2 1 1 1 1 1 4 . 1 Storage 7 | . . . . . 5 1 . . . . . . . . . 1 Processor 5 | . . . . . . 3 . 2 . . . . . . . . Hackware 4 | . . . . . . 1 . 1 . 1 1 . . . . . Protection 9 | . . . 2 . 3 1 . . 1 . . 1 1 . . . Artifact 5 | . . . . . . . . . . . . 2 3 . . . Weapon 33 | . . 1 8 4 2 1 1 . 2 1 . 3 8 2 . . Energy Gun 4 | . . . . . . . . . . . . . 4 . . . Energy Cannon 5 | . . . 1 . . . . . 2 1 . . . 1 . . Ballistic Gun 12 | . . 1 4 4 2 1 . . . . . . . . . . Ballistic Cannon . | . . . . . . . . . . . . . . . . . Launcher 1 | . . . . . . . . . . . . 1 . . . . Special Weapon . | . . . . . . . . . . . . . . . . . Impact Weapon 5 | . . . . . . . . . . . . . 4 1 . . Slashing Weapon 6 | . . . 3 . . . 1 . . . . 2 . . . . Piercing Weapon . | . . . . . . . . . . . . . . . . . Special Melee Weapon . | . . . . . . . . . . . . . . . . . Unidentified Prototypes 7 | . . . . . . . 1 . . . . 6 . . . . Parts Lost 32 | . . . 2 . . 2 1 6 2 1 3 8 7 . . . Power 6 | . . . . . . 1 . 2 . . . 2 1 . . . Propulsion 12 | . . . 1 . . . 1 1 . 1 2 3 3 . . . Utility 13 | . . . 1 . . 1 . 3 2 . 1 2 3 . . . Weapon 1 | . . . . . . . . . . . . 1 . . . . Highest Loss Streak 4 | . . . 1 . . 1 1 2 2 3 2 4 4 . . . To Critical Strikes 2 | . . . . . . . . 1 . . . 1 . . . . Average Slot Usage (%) 81 | . 85 95 81 85 88 86 57 67 70 73 74 70 61 65 72 65 Engine 5 | . 14 12 5 . 7 5 1 1 3 5 . . . . . . Core 6 | . . 1 8 14 5 . . 4 5 5 8 9 9 . . . Treads 9 | . . . 23 14 . . . . . . . . . . . . Leg 6 | . 28 28 . . 10 27 15 . . . . . 3 9 9 7 Wheel 6 | . . . 1 14 17 . . . . . 2 . . . . . Flight 2 | . . . . . . . 4 19 24 21 20 21 11 . . . Device 3 | . . 9 . . 3 9 6 11 8 10 11 6 4 12 18 18 Storage 4 | . 14 14 . . 13 5 2 . . . . . . . . . Processor 1 | . . . . . . 11 5 6 10 10 9 9 4 . . . Hackware 1 | . . . . . . 4 2 4 5 10 12 14 5 . . . Protection 7 | . . . 13 14 . 4 6 6 4 . . . 6 9 9 7 Ballistic Gun 19 | . 28 28 22 28 27 11 5 . . . . . . . . . Slashing Weapon 2 | . . . 5 . . . 2 5 5 5 4 3 . . . . Peak Build Rating 249 | . 6 9 15 17 26 62 62 81 100 95 124 161 229 241 241 249 Average Rating 39 | . 6 6 11 16 20 58 41 62 88 89 107 132 143 233 241 245 On Entrance 76 | 6 6 6 7 13 17 22 57 28 68 77 87 109 96 212 241 241 Naked Turns 27 | . . . . . 12 . 15 . . . . . . . . . Heaviest Build 215 | 13 13 15 33 29 215 32 23 29 32 26 28 53 28 55 55 59 Greatest Support 70 | 20 20 20 40 10 38 69 35 44 42 49 65 70 70 70 70 70 Greatest Overweight (x) 21 | . . . 2 2 21 . . . 1 . . 1 . . . . Average Overweight (x) . | . . . . 2 3 . . . . . . . . . . . Largest Inventory Capacity 35 | . 8 8 8 5 35 35 10 5 5 5 5 5 5 5 5 5 Average Capacity 10 | . 8 8 5 5 21 10 7 5 5 5 5 5 5 5 5 5 Most Carried 26 | . 6 8 8 5 26 24 10 5 5 4 4 5 5 5 5 5 Average Carried 7 | . 6 6 4 5 13 10 7 4 4 1 3 4 4 4 5 5 Final Capacity 35 | 8 8 8 5 5 35 10 5 5 5 5 5 5 5 5 5 5 Final Carried 25 | 6 6 7 5 5 25 10 5 5 5 1 4 5 5 5 5 5 Class Distribution -------------------- 62% | Mutant 14% | Hauler-Mutant 5% | Alien-Sigix 4% | Sprinter 3% | Hacker-Mutant Dominant Class ---------------- Mutant | -10/Materials Mutant | -10/Mines Mutant | -10/Subcaves Mutant | -8/Recycling Mutant | -8/Scraptown Derelict-Mutant | -6/Factory Skirmisher | -5/Factory Sprinter | -4/Factory Derelict-Sprinter | -4/Upper Caves Derelict-Sprinter | -4/Upper Caves Hacker-Sprinter | -3/Research Hacker-Mutant | -3/Quarantine Hacker-Sprinter | -3/Section 7 Alien-Sigix | -2/Research Alien-Sigix | -2/Testing Alien-Sigix | -1/Access Resources | -11 -10 -10 -10 -8 -8 -6 -5 -4 -4 -4 -3 -3 -3 -2 -2 -1 ----------- Run | Yrd Mat Min Sub Rec Scr Fac Fac Fac Upp Upp Res Qua Sec Res Tes Acc Matter Collected 2183 | 200 . 120 568 40 200 283 45 245 66 25 . 79 272 30 . 10 Remotely . | . . . . . . . . . . . . . . . . . Salvage Created 1789 | . . 239 621 . . 328 45 180 98 . . 79 99 100 . . Parts 109 | . . 14 46 . . 18 2 8 5 . . 5 6 5 . . Haulers Intercepted 1 | . . . . . . . . . . . . . . 1 . . Recyclers Shooed 1 | . . . . . . 1 . . . . . . . . . . Parts Field Recycled 10 | . . . . . . . . 10 . . . . . . . . Retrieved Matter 129 | . . . . . . . . 129 . . . . . . . . Parts Self-Destructed 23 | . . . 20 . . . . . 3 . . . . . . . Prevented 11 | . . . . . . . . . 11 . . . . . . . Kills | -11 -10 -10 -10 -8 -8 -6 -5 -4 -4 -4 -3 -3 -3 -2 -2 -1 ------- Run | Yrd Mat Min Sub Rec Scr Fac Fac Fac Upp Upp Res Qua Sec Res Tes Acc Combat Hostiles Destroyed 37 | . . 7 15 . . 10 . . 2 . . 2 1 . . . Melee 5 | . . . 3 . . . . . . . . 2 . . . . Guns 30 | . . 7 12 . . 10 . . . . . . 1 . . . Cannons 2 | . . . . . . . . . 2 . . . . . . . Classes Destroyed 13 | . . 2 4 . . 3 1 1 . . . 1 . 1 . . Worker 3 | . . . . . . . 2 1 . . . . . . . . Builder 3 | . . . . . . 1 . . . . . 2 . . . . Hauler 1 | . . . . . . . . . . . . . . 1 . . Recycler 1 | . . . . . . . . 1 . . . . . . . . Turret 2 | . . . 2 . . . . . . . . . . . . . Watcher 2 | . . . . . . 1 . 1 . . . . . . . . Swarmer 19 | . . 3 5 . . 8 . . 1 . . 2 . . . . Grunt 5 | . . 4 . . . . . . 1 . . . . . . . Researcher 1 | . . . . . . . . . . . . 1 . . . . Sentry 3 | . . . 1 . . 1 . . . . . . 1 . . . Hunter 1 | . . . . . . 1 . . . . . . . . . . Artisan 1 | . . . 1 . . . . . . . . . . . . . Subdweller 9 | . . . 9 . . . . . . . . . . . . . Best Kill Streak 6 | . . 3 4 . . 6 2 1 2 . . 3 1 1 . . Combat Bots Only 5 | . . 3 3 . . 5 . . 2 . . 2 1 . . . Max Kills in Single Turn 3 | . . 2 1 . . 2 1 1 1 . . 3 1 1 . . Gunslinging 1 | . . 1 . . . . . . . . . . . . . . Exploded . | . . . . . . . . . . . . . . . . . Melee 1 | . . . 1 . . . . . . . . 1 . . . . Uniques/NPCs Destroyed . | . . . . . . . . . . . . . . . . . Combat | -11 -10 -10 -10 -8 -8 -6 -5 -4 -4 -4 -3 -3 -3 -2 -2 -1 -------- Run | Yrd Mat Min Sub Rec Scr Fac Fac Fac Upp Upp Res Qua Sec Res Tes Acc Hostile Shots Fired 1067 | . 4 19 151 . . 136 23 89 49 7 40 144 254 114 12 25 Missed 422 | . 1 6 56 . . 47 11 45 27 3 20 63 64 53 3 23 Damage Taken 10354 | . 37 164 1534 . . 1092 268 1033 453 79 319 2294 2555 401 110 15 Core 2181 | . . 34 111 . . 137 107 265 . 17 20 413 873 133 68 3 Absorbed by Shields 370 | . . . . . . . . . . . . . . 291 63 16 Redirected to Core 215 | . . . . . . . . . . . . 215 . . . . Ignored by Resistances 3157 | . . . . . . . . . . . . . 2235 743 125 54 Regen/Repaired (Parts) 379 | . . . . . 233 . . 10 . . 7 129 . . . . Core Remaining (%) 72 | 100 . . . . 42 83 89 . . 75 . . . . 88 99 Volleys Fired 178 | . . 10 69 . . 35 . . 4 1 . 1 4 34 3 17 Largest 2 | . . 2 2 . . 2 . . 1 1 . 1 2 2 1 1 Hottest 200 | . . 40 80 . . 53 . . 88 88 . . 200 188 100 100 Shots Fired 296 | . . 20 137 . . 70 . . 4 1 . 1 7 36 3 17 Gun 283 | . . 20 136 . . 70 . . . . . . 7 30 3 17 Cannon 12 | . . . 1 . . . . . 4 1 . . . 6 . . Launcher 1 | . . . . . . . . . . . . 1 . . . . Special . | . . . . . . . . . . . . . . . . . Kinetic 226 | . . 20 136 . . 70 . . . . . . . . . . Thermal 2 | . . . 1 . . . . . . . . 1 . . . . Explosive . | . . . . . . . . . . . . . . . . . Electromagnetic 11 | . . . . . . . . . 4 1 . . . 6 . . Slashing 57 | . . . . . . . . . . . . . 7 30 3 17 Robot Hit Streak 11 | . . 7 8 . . 11 . . 3 1 . . 3 4 . 1 Robot Miss Streak 8 | . . 1 3 . . 4 . . 1 . . . 4 8 . 3 Penetration Max 1 | . . . . . . . . . . . . . 1 1 . . Secondary Targets 2 | . . 1 . . . 1 . . . . . . . . . . Max Gunslinging Chain 1 | . . 1 . . . 1 . . . . . . . . . . Shots Hit Robots 188 | . . 16 100 . . 45 3 4 3 1 . 2 2 11 . 1 Core Hits 100 | . . 12 31 . . 36 1 2 2 1 . 5 6 4 . . Critical Kills . | . . . . . . . . . . . . . . . . . Critical Parts Destroyed 1 | . . . 1 . . . . . . . . . . . . . Critical Strikes 2 | . . . 1 . . . . . . . . . . 1 . . Destroy 1 | . . . 1 . . . . . . . . . . . . . Sever 1 | . . . . . . . . . . . . . . 1 . . Melee Attacks 110 | . . . 42 . . . 6 24 . . 2 14 21 1 . . Impact 22 | . . . . . . . . . . . . . 21 1 . . Slashing 88 | . . . 42 . . . 6 24 . . 2 14 . . . . Piercing . | . . . . . . . . . . . . . . . . . Sneak Attacks 6 | . . . 2 . . . 2 2 . . . . . . . . Combat Hostiles . | . . . . . . . . . . . . . . . . . Follow-up Attacks . | . . . . . . . . . . . . . . . . . Damage Inflicted 7768 | . . 200 1438 . . 833 190 240 105 33 . 2948 487 1122 25 147 Guns 3326 | . . 200 903 . . 833 . . . . . . 483 848 . 59 Cannons 190 | . . . . . . . . . 105 33 . . . 52 . . Explosions 2854 | . . . . . . . . . . . . 2766 . . . 88 Melee 1147 | . . . 535 . . . 190 240 . . . 182 . . . . Ramming 251 | . . . . . . . . . . . . . 4 222 25 . Kinetic 1936 | . . 200 903 . . 833 . . . . . . . . . . Thermal 2766 | . . . . . . . . . . . . 2766 . . . . Explosive . | . . . . . . . . . . . . . . . . . Electromagnetic 278 | . . . . . . . . . 105 33 . . . 52 . 88 Impact . | . . . . . . . . . . . . . . . . . Slashing 2537 | . . . 535 . . . 190 240 . . . 182 483 848 . 59 Piercing . | . . . . . . . . . . . . . . . . . Highest Corruption 11 | . . . . . . . . 1 11 11 2 3 10 . . . Average Corruption 3 | . . . . . . . . 1 1 11 2 1 6 . . . Corruption Purged . | . . . . . . . . . . . . . . . . . Corruption Blocked . | . . . . . . . . . . . . . . . . . Effects 26 | . . . . . . . . 3 5 1 1 5 11 . . . Message Errors 8 | . . . . . . . . . 2 . . 2 4 . . . Matter Fused 5 | . . . . . . . . . 1 . 1 1 2 . . . Heat Flow Errors 2 | . . . . . . . . . . . . 1 1 . . . Energy Discharges 2 | . . . . . . . . 1 1 . . . . . . . Data Loss (minor) 5 | . . . . . . . . 1 . . . 1 3 . . . Data Loss (major) 3 | . . . . . . . . . 1 1 . . 1 . . . Alerts 1 | . . . . . . . . 1 . . . . . . . . Overload Shots . | . . . . . . . . . . . . . . . . . Overflow Damage 255 | . . . . . . . 77 31 . . . 106 . 8 . 33 Projectiles . | . . . . . . . . . . . . . . . . . Explosions 139 | . . . . . . . . . . . . 106 . . . 33 Melee 116 | . . . . . . . 77 31 . . . . . 8 . . Knockbacks 1 | . . . . . . . . . . . . . . 1 . . Impact 1 | . . . . . . . . . . . . . . 1 . . Kinetic . | . . . . . . . . . . . . . . . . . Secondary . | . . . . . . . . . . . . . . . . . Self-Inflicted Damage 910 | . . . . . . . . . . . . 899 . . . 11 Shots 2 | . . . . . . . . . . . . 1 . . . 1 Rammed . | . . . . . . . . . . . . . . . . . Targets Rammed 9 | . . . . . . . . . . . . . 1 7 1 . Kicked 9 | . . . . . . . . . . . . . 1 7 1 . Crushed . | . . . . . . . . . . . . . . . . . Highest Temperature 316 | . 9 9 4 . . 14 . 316 312 48 12 158 79 . . . Average Temperature 113 | . 9 3 3 . . 10 . 120 189 30 6 80 27 . . . Received Heat Transfer 1294 | . 39 84 318 . . 96 39 115 75 9 18 75 372 34 20 . Siege Activations . | . . . . . . . . . . . . . . . . . Robots Corrupted . | . . . . . . . . . . . . . . . . . Combat Hostiles . | . . . . . . . . . . . . . . . . . Parts Fried . | . . . . . . . . . . . . . . . . . Impact Corruptions 1 | . . . . . . . . . . . . . . 1 . . Robots Melted . | . . . . . . . . . . . . . . . . . Combat Hostiles . | . . . . . . . . . . . . . . . . . Parts Melted . | . . . . . . . . . . . . . . . . . Heat Transferred 120 | . . . . . . . . . . . . 120 . . . . Parts Sabotaged . | . . . . . . . . . . . . . . . . . Parts Stolen . | . . . . . . . . . . . . . . . . . Parts Stripped . | . . . . . . . . . . . . . . . . . Power Chain Reactions . | . . . . . . . . . . . . . . . . . Alert | -11 -10 -10 -10 -8 -8 -6 -5 -4 -4 -4 -3 -3 -3 -2 -2 -1 ------- Run | Yrd Mat Min Sub Rec Scr Fac Fac Fac Upp Upp Res Qua Sec Res Tes Acc Peak Influence 2214 | . 9 188 . 20 . 296 174 690 . . 383 1322 1695 2214 1660 1676 Initial 1233 | . . 3 . 6 . . 99 58 . . 240 209 720 1100 1233 1100 Average 536 | . 7 155 . 12 . 127 106 256 . . 323 1055 992 1767 1298 1301 Maximum Alert Level 5 | . . . . . . 1 . 2 . . 1 4 5 5 5 5 Low Security (%) 49 | . 100 100 . 100 . 74 100 52 . . . . . . . . Level 1 13 | . . . . . . 25 . 21 . . 100 13 . . . . Level 2 2 | . . . . . . . . 25 . . . . . . . . Level 3 13 | . . . . . . . . . . . . 25 90 . . 9 Level 4 10 | . . . . . . . . . . . . 60 . 7 92 66 Level 5 . | . . . . . . . . . . . . . . . . . High Security . | . . . . . . . . . . . . . . . . . Max Security 10 | . . . . . . . . . . . . . 9 92 7 24 Squads Dispatched 66 | . . . . . . 2 . 6 . 1 3 3 14 24 6 7 Investigation 4 | . . . . . . . . 3 . . 1 . . . . . Extermination 2 | . . . . . . . . 1 . . . . 1 . . . Reinforcement 13 | . . . . . . 2 . 2 . . 1 3 3 1 . 1 Assault 40 | . . . . . . . . . . 1 . . 7 20 6 6 Garrison 1 | . . . . . . . . . . . 1 . . . . . Intercept 6 | . . . . . . . . . . . . . 3 3 . . Searches Triggered 1 | . . . . . . . . 1 . . . . . . . . Construction Impeded . | . . . . . . . . . . . . . . . . . Haulers Reinforced 1 | . . . . . . . . . . . 1 . . . . . Active Scanning Responses . | . . . . . . . . . . . . . . . . . Cargo Convoy Interrupts . | . . . . . . . . . . . . . . . . . Stealth | -11 -10 -10 -10 -8 -8 -6 -5 -4 -4 -4 -3 -3 -3 -2 -2 -1 --------- Run | Yrd Mat Min Sub Rec Scr Fac Fac Fac Upp Upp Res Qua Sec Res Tes Acc Distress Signals 13 | . . . . . . 1 . 2 . . 5 2 1 . . 2 Communications Jammed 43 | . . . . . . 2 . . . . . . 9 29 3 . Distress Signals 43 | . . . . . . 2 . . . . . . 9 29 3 . Times Spotted 323 | . 2 7 24 . . 23 18 54 12 9 13 33 73 43 5 7 Peak Tracking Total 42 | . 2 3 4 . . 5 8 19 11 14 8 13 42 29 11 22 Tactical Retreats 39 | . . . 2 . . 3 2 5 . . 4 4 8 9 . 2 Traps | -11 -10 -10 -10 -8 -8 -6 -5 -4 -4 -4 -3 -3 -3 -2 -2 -1 ------- Run | Yrd Mat Min Sub Rec Scr Fac Fac Fac Upp Upp Res Qua Sec Res Tes Acc Traps Triggered 11 | . . . 1 . . . 1 1 . . 1 1 3 3 . . Indirectly . | . . . . . . . . . . . . . . . . . Trap Hack Attempts . | . . . . . . . . . . . . . . . . . Triggered . | . . . . . . . . . . . . . . . . . Disarmed . | . . . . . . . . . . . . . . . . . Reprogrammed . | . . . . . . . . . . . . . . . . . Reused . | . . . . . . . . . . . . . . . . . Traps Extracted . | . . . . . . . . . . . . . . . . . Installed . | . . . . . . . . . . . . . . . . . Triggered 9 | . . . 1 . . . . . 8 . . . . . . . Machines | -11 -10 -10 -10 -8 -8 -6 -5 -4 -4 -4 -3 -3 -3 -2 -2 -1 ---------- Run | Yrd Mat Min Sub Rec Scr Fac Fac Fac Upp Upp Res Qua Sec Res Tes Acc Machines Disabled 33 | . . . 3 . . . . 6 . . . 15 6 . 1 2 Max in Single Turn 10 | . . . 1 . . . . . . . . 10 1 . 1 1 Energy Cycler 1 | . . . . . . . . . . . . . . . . 1 Machines Repaired . | . . . . . . . . . . . . . . . . . Machines Dismantled . | . . . . . . . . . . . . . . . . . Machines Sabotaged . | . . . . . . . . . . . . . . . . . Overloaded Fab Kills . | . . . . . . . . . . . . . . . . . Hacking | -11 -10 -10 -10 -8 -8 -6 -5 -4 -4 -4 -3 -3 -3 -2 -2 -1 --------- Run | Yrd Mat Min Sub Rec Scr Fac Fac Fac Upp Upp Res Qua Sec Res Tes Acc Machines Accessed 55 | . 3 . 2 7 8 1 4 7 . . 5 4 10 . 4 . Terminals 34 | . 3 . . 4 . 1 2 4 . . 4 4 8 . 4 . Fabricators . | . . . . . . . . . . . . . . . . . Repair Stations 4 | . . . . . . . 1 1 . . . . 2 . . . Recycling Units 5 | . . . . 1 . . 1 2 . . 1 . . . . . Scanalyzers . | . . . . . . . . . . . . . . . . . Garrison Access . | . . . . . . . . . . . . . . . . . Total Hacks 182 | . 5 . 12 40 55 3 11 15 . . 9 6 15 . 11 . Successful 130 | . 3 . 12 31 55 1 5 8 . . 5 1 5 . 4 . Failed 52 | . 2 . . 9 . 2 6 7 . . 4 5 10 . 7 . Catastrophic 19 | . 1 . . 2 . . 2 4 . . 2 1 2 . 5 . Database Lockouts . | . . . . . . . . . . . . . . . . . Manual 59 | . 2 . . 14 . 1 4 9 . . 7 4 8 . 10 . Terminals 76 | . 5 . . 15 . 3 6 10 . . 8 6 12 . 11 . Fabricators . | . . . . . . . . . . . . . . . . . Repair Stations 7 | . . . . . . . 2 2 . . . . 3 . . . Recycling Units 8 | . . . . 1 . . 3 3 . . 1 . . . . . Scanalyzers . | . . . . . . . . . . . . . . . . . Garrison Access . | . . . . . . . . . . . . . . . . . Terminal Hacks 108 | . 2 . 12 27 55 . 1 3 . . 2 1 3 . 2 . Record 90 | . . . 11 24 54 . . 1 . . . . . . . . Open Door 3 | . . . . . . . . . . . . 1 2 . . . Branch Access Points 3 | . . . . . . . . 1 . . 1 . . . 1 . Terminal Index 3 | . 1 . . . . . . 1 . . . . . . 1 . Unreport Threat 1 | . . . . . . . 1 . . . . . . . . . Locate Traps 1 | . . . . . . . . . . . 1 . . . . . Zone Layout 4 | . 1 . . 3 . . . . . . . . . . . . Derelict Proto ID Bank 2 | . . . 1 . 1 . . . . . . . . . . . Activate Exoskeleton 1 | . . . . . . . . . . . . . 1 . . . Fabricator Hacks . | . . . . . . . . . . . . . . . . . Repair Station Hacks 1 | . . . . . . . 1 . . . . . . . . . Refit 1 | . . . . . . . 1 . . . . . . . . . Recycling Unit Hacks 1 | . . . . . . . 1 . . . . . . . . . Report Inventory 1 | . . . . . . . 1 . . . . . . . . . Scanalyzer . | . . . . . . . . . . . . . . . . . Garrison Access Hacks . | . . . . . . . . . . . . . . . . . Unauthorized Hacks 20 | . 1 . . 4 . 1 2 5 . . 3 . 2 . 2 . Terminals 13 | . 1 . . 3 . 1 1 2 . . 2 . 1 . 2 . Botnet 13 | . 1 . . 3 . 1 1 2 . . 2 . 1 . 2 . Fabricators . | . . . . . . . . . . . . . . . . . Repair Stations 4 | . . . . . . . . 2 . . 1 . 1 . . . Mechanics 1 | . . . . . . . . . . . . . 1 . . . Recycling Units 3 | . . . . 1 . . 1 1 . . . . . . . . Recyclers 3 | . . . . 1 . . 1 1 . . . . . . . . Fedlink 1 | . . . . . . . . 1 . . . . . . . . Scrapoids 2 | . . . . . . . . 1 . . 1 . . . . . Scanalyzers . | . . . . . . . . . . . . . . . . . Garrison Access . | . . . . . . . . . . . . . . . . . Data Cores Recovered . | . . . . . . . . . . . . . . . . . Used . | . . . . . . . . . . . . . . . . . Hacking Detections 35 | . 3 . . 4 . 1 4 5 . . 4 3 7 . 4 . Full Trace Events 2 | . . . . 1 . . . 1 . . . . . . . . Feedback Events . | . . . . . . . . . . . . . . . . . Feedback Blocked . | . . . . . . . . . . . . . . . . . Robot Schematics Acquired 1 | . . . . . . . . . . . . 1 . . . . Robots Built . | . . . . . . . . . . . . . . . . . Authchips . | . . . . . . . . . . . . . . . . . Time . | . . . . . . . . . . . . . . . . . Total Robot Build Rating . | . . . . . . . . . . . . . . . . . Part Schematics Acquired 1 | . . . . . . . . . . . . 1 . . . . Parts Built . | . . . . . . . . . . . . . . . . . Authchips . | . . . . . . . . . . . . . . . . . Time . | . . . . . . . . . . . . . . . . . Total Part Build Rating . | . . . . . . . . . . . . . . . . . Parts Repaired . | . . . . . . . . . . . . . . . . . Time . | . . . . . . . . . . . . . . . . . Parts Recycled . | . . . . . . . . . . . . . . . . . Recycled Matter . | . . . . . . . . . . . . . . . . . Retrieved Matter . | . . . . . . . . . . . . . . . . . Retrieved Components . | . . . . . . . . . . . . . . . . . Parts Scanalyzed . | . . . . . . . . . . . . . . . . . Part Schematics Acquired . | . . . . . . . . . . . . . . . . . Parts Damaged . | . . . . . . . . . . . . . . . . . Bothacking | -11 -10 -10 -10 -8 -8 -6 -5 -4 -4 -4 -3 -3 -3 -2 -2 -1 ------------ Run | Yrd Mat Min Sub Rec Scr Fac Fac Fac Upp Upp Res Qua Sec Res Tes Acc Used RIF Installer . | . . . . . . . . . . . . . . . . . Robots Hacked . | . . . . . . . . . . . . . . . . . Non-combat . | . . . . . . . . . . . . . . . . . Combat . | . . . . . . . . . . . . . . . . . Robot Hacks Applied . | . . . . . . . . . . . . . . . . . Relay Couplers Released . | . . . . . . . . . . . . . . . . . Fabnet Peak Effective % . | . . . . . . . . . . . . . . . . . Robots Rewired . | . . . . . . . . . . . . . . . . . Allies Hacked 3 | . . . . . . . . 1 . . 2 . . . . . Hacks Repelled . | . . . . . . . . . . . . . . . . . Allies | -11 -10 -10 -10 -8 -8 -6 -5 -4 -4 -4 -3 -3 -3 -2 -2 -1 -------- Run | Yrd Mat Min Sub Rec Scr Fac Fac Fac Upp Upp Res Qua Sec Res Tes Acc Total Allies 79 | . . 3 . . . . . 5 . . 5 . . 50 . 16 Largest Group 10 | . . 3 3 . . . . 5 . . 5 . . 10 . 10 Highest-Rated Group 320 | . . 40 40 . . . . 235 . . 320 . . 144 . 131 Highest-Rated Ally 64 | . . 16 16 . . . . 47 . . 64 . . 15 . 15 Total Orders . | . . . . . . . . . . . . . . . . . Ally Attacks 200 | . . . 17 . . . . 21 . . 34 . . 87 . 41 Total Damage 4431 | . . . 122 . . . . 989 . . 934 . . 1648 . 738 Kills 22 | . . . 3 . . . . 5 . . 3 . . 6 . 5 Allies Corrupted . | . . . . . . . . . . . . . . . . . Allies Melted . | . . . . . . . . . . . . . . . . . Intel | -11 -10 -10 -10 -8 -8 -6 -5 -4 -4 -4 -3 -3 -3 -2 -2 -1 ------- Run | Yrd Mat Min Sub Rec Scr Fac Fac Fac Upp Upp Res Qua Sec Res Tes Acc Robot Analysis Total . | . . . . . . . . . . . . . . . . . Derelict Logs Recovered 5 | . . 1 2 . 1 . . . 1 . . . . . . . Drone Launches . | . . . . . . . . . . . . . . . . . Drone Recoveries . | . . . . . . . . . . . . . . . . . Exploration | -11 -10 -10 -10 -8 -8 -6 -5 -4 -4 -4 -3 -3 -3 -2 -2 -1 ------------- Run | Yrd Mat Min Sub Rec Scr Fac Fac Fac Upp Upp Res Qua Sec Res Tes Acc Turns Passed 12414 | . 132 358 4832 442 3636 512 329 393 195 24 232 341 448 329 81 130 Spaces Moved 11767 | 1 111 256 2661 396 2457 262 488 1015 575 42 551 654 1034 689 257 318 Core 98 | . . . . . 21 . 76 . . . . 1 . . . . Treads 2351 | . . . 2351 . . . . . . . . . . . . . Legs 2928 | 1 111 256 4 . 725 262 122 . . . . . 223 675 231 318 Wheels 2413 | . . . 306 396 1711 . . . . . . . . . . . Hover . | . . . . . . . . . . . . . . . . . Flight 3818 | . . . . . . . 290 1015 575 42 551 653 692 . . . Fastest Speed 19 | 120 120 120 110 110 50 116 26 21 19 29 31 32 30 30 30 30 Average Speed 95 | 120 120 120 167 110 144 122 57 28 30 30 36 36 33 30 30 30 Slowest Speed 395 | 120 120 120 240 110 395 125 125 34 114 32 42 100 42 30 30 30 Overloaded Moves 147 | . . . . . . . 18 94 17 . 18 . . . . . Propulsion Burnouts . | . . . . . . . . . . . . . . . . . Robots Hopped 55 | . . . . . . . 1 21 1 2 12 11 7 . . . Cave-ins Triggered 1 | . . . . . . . . . . . . . 1 . . . Teleports 3 | . . . . . . . . . . . . 1 2 . . . Microwarps 12 | . . . . . . . . . . . . . 9 2 1 . Exploration Rate (%) 43 | 2 26 50 96 70 95 10 15 33 69 5 25 81 82 32 41 12 Regions Visited 16 Branch Regions 9 Pre-discovered Areas 4 | . . . 2 . 2 . . . . . . . . . . . Known Exits Taken 3 | . . . . . . 1 . 1 . . 1 . . . . . Unknown Exits Taken 13 | 1 1 1 1 1 1 . 1 . 1 1 . 1 1 1 1 . Scrap Searched 13 | . . 2 2 . 6 . . . 3 . . . . . . . Spaces Dug 66 | . . . 2 . . . 3 18 . . 2 2 13 17 1 8 Terrain Destroyed 688 | . . . 2 . . . 3 18 . . 2 550 18 39 5 51 Melee 40 | . . . 2 . . . 3 18 . . 2 2 13 . . . Projectile 77 | . . . . . . . . . . . . . 5 39 5 28 AOE 571 | . . . . . . . . . . . . 548 . . . 23 Terrain Rammed . | . . . . . . . . . . . . . . . . . Walls Destroyed . | . . . . . . . . . . . . . . . . . Machines Disabled . | . . . . . . . . . . . . . . . . . Actions | -11 -10 -10 -10 -8 -8 -6 -5 -4 -4 -4 -3 -3 -3 -2 -2 -1 --------- Run | Yrd Mat Min Sub Rec Scr Fac Fac Fac Upp Upp Res Qua Sec Res Tes Acc Total 12459 | . 110 285 2850 403 2556 396 532 1069 592 49 564 714 996 767 239 337 Wait 225 | . . 11 7 . 4 50 26 32 2 4 12 25 10 38 4 . Move 11500 | . 110 255 2660 395 2456 261 485 977 572 37 527 632 909 676 231 317 Hop 48 | . . . . . . . 1 16 1 2 11 10 7 . . . Pick Up 87 | . . . 13 . 49 7 3 4 . . 1 3 5 2 . . Fast Attach 87 | . . 2 2 2 17 6 3 8 5 . 7 13 16 4 . 2 Attach 35 | . . . 2 . 4 11 2 3 1 3 . 3 4 2 . . Detach 15 | . . 1 2 . 5 . . 1 2 . 1 1 2 . . . Swap 39 | . . 4 13 2 1 9 . 1 . . 1 . 7 1 . . Drop 90 | . . 2 18 4 20 17 6 3 5 1 2 4 5 2 . 1 Fire 178 | . . 10 69 . . 35 . . 4 1 . 1 4 34 3 17 Melee 110 | . . . 42 . . . 6 24 . . 2 14 21 1 . . Ram . | . . . . . . . . . . . . . . . . . Kick 9 | . . . . . . . . . . . . . 1 7 1 . Crush . | . . . . . . . . . . . . . . . . . Escape Stasis 13 | . . . . . . . . . . . . 8 5 . . . Rewire 1 | . . . 1 . . . . . . . . . . . . . Trap . | . . . . . . . . . . . . . . . . . Miscellaneous 22 | . . . 21 . . . . . . 1 . . . . . . Route ------- -11/Scrapyard -10/Materials -10/Mines -10/Subcaves (discovered 3 exits: [*Mat x2] / *Rec) -8/Recycling (discovered 2 exits: *Fac / *Scr) -8/Scraptown (discovered 2 exits: *Fac x2) -6/Factory (discovered 2 exits: *Fac / [*Low]) -5/Factory -4/Factory (discovered 2 exits: *Upp x2) -4/Upper Caves -4/Upper Caves -3/Research (discovered 3 exits: Arm / *Qua x2) -3/Quarantine -3/Section 7 -2/Research -2/Testing -1/Access To Fleet Rendezvous History --------- Turn | Location | Event 1 | -11/Scrapyard | Discovered new exit (range 0) 1 | -11/Scrapyard | Entered Materials 115 | -10/Materials | Discovered new exit (range 16) 133 | -10/Materials | Entered Mines 256 | -10/Mines | Learned location of 1 exit from Materials 304 | -10/Mines | Build established: Mutant 416 | -10/Mines | Assisted by bots powering up and referring to "LRC-V3" 480 | -10/Mines | Discovered new exit (range 9) 491 | -10/Mines | Entered Subcaves 491 | -10/Subcaves | Accompanied by 3 allies 670 | -10/Subcaves | Ambushed by Subdwellers from Twisted Machinery 955 | -10/Subcaves | Shifting Twisted Machinery released Sub. Power Source 982 | -10/Subcaves | Discovered new exit (range 9) 1000 | -10/Subcaves | Disturbed a concealed Subdweller 1017 | -10/Subcaves | Learned location of Storage (-8) 1253 | -10/Subcaves | Visited Clippyterm 1257 | -10/Subcaves | Learned location of Deep Caves (-6) 1799 | -10/Subcaves | A swath of the cavern ceiling suddenly collapsed 2159 | -10/Subcaves | Discovered new exit (range 8) 2810 | -10/Subcaves | Shifting Twisted Machinery released Sub. Beam Cannon 2813 | -10/Subcaves | Shifting Twisted Machinery released Sub. Shrapnel Launcher 3819 | -10/Subcaves | Core integrity fell below 50% 4071 | -10/Subcaves | Ambushed by Subdweller buried in earth 4950 | -10/Subcaves | Visited 4L-MR0's lab 4966 | -10/Subcaves | Found Gun Armor 5139 | -10/Subcaves | Discovered new exit (range 10) 5323 | -10/Subcaves | Entered Recycling 5719 | -8/Recycling | Discovered new exit (range 16) 5734 | -8/Recycling | Scanned before Scraplab entrance 5750 | -8/Recycling | Entered Scraplab 5764 | -8/Recycling | Discovered new exit (range 2) 5765 | -8/Recycling | Entered Scraptown 5778 | -8/Scraptown | Heard Great Nut preacher, LISTEN AND RECITE! 6019 | -8/Scraptown | Visited Cyclists 6043 | -8/Scraptown | Visited Awakened 6074 | -8/Scraptown | Visited SPCMW 6101 | -8/Scraptown | Visited Assassins FH 6225 | -8/Scraptown | Scanned Subdweller tech in exchange for log data 6228 | -8/Scraptown | Learned location of Zion (-6) 6248 | -8/Scraptown | Discovered new exit (range 13) 6361 | -8/Scraptown | Visited Comm Corps 6396 | -8/Scraptown | Visited CR-KLE's Repair Center 6402 | -8/Scraptown | CR-KLE repaired 5 parts 6422 | -8/Scraptown | Visited UFD Registry 6422 | -8/Scraptown | Registered with UFD as "Gunshaft" 6467 | -8/Scraptown | Entered Cyclist Reading Room 6661 | -8/Scraptown | Visited Cave Peace 7194 | -8/Scraptown | Visited Cartography Club 7217 | -8/Scraptown | Released all parts (7) 7280 | -8/Scraptown | Visited Science Guys 7328 | -8/Scraptown | Visited DA-N13 Charitable Foundation 7344 | -8/Scraptown | Found DCF Scrap (32 items) 7908 | -8/Scraptown | Build established: Hauler-Mutant 8071 | -8/Scraptown | Visited LU-1G1's Boring Crew 8173 | -8/Scraptown | Visited Research Penetration Think Tank 8221 | -8/Scraptown | Visited Junk Repository 8272 | -8/Scraptown | Visited Derelict Rescue Squad 8286 | -8/Scraptown | Found DRS Beacon 8374 | -8/Scraptown | Found Scrap Suit 8377 | -8/Scraptown | Found Scrap Suit 8487 | -8/Scraptown | Discovered new exit (range 3) 8621 | -8/Scraptown | Visited Chapter 10 8693 | -8/Scraptown | Visited Junk Repository 8757 | -8/Scraptown | Visited A0-MCA Data Center 8771 | -8/Scraptown | Given a B rating by A0-MCA 8773 | -8/Scraptown | Found A0-MCA's Component Scanner 8932 | -8/Scraptown | Delivered Scrap Shield to a Scientist 9401 | -8/Scraptown | Entered Factory 9401 | -6/Factory | Evolved 8 slots: Propulsion x3, Utility x5 9418 | -6/Factory | Attached Gun Armor, gained temporary slots: Weapon x2 9846 | -6/Factory | Discovered new exit (range 13) 9903 | -6/Factory | Discovered new exit (range 16) 9912 | -6/Factory | Identified exit to Factory 9913 | -6/Factory | Entered another Factory area 9913 | -5/Factory | Evolved 2 slots: Propulsion x1, Utility x1 10091 | -5/Factory | Released all parts (13) 10152 | -5/Factory | Discovered new exit (range 6) 10242 | -5/Factory | Entered another Factory area 10242 | -4/Factory | Evolved 2 slots: Power x1, Propulsion x1 10510 | -4/Factory | Identified exit to Upper Caves 10517 | -4/Factory | Search patrols dispatched 10548 | -4/Factory | Scrapoids reinforcements arrived? 10613 | -4/Factory | Spotted B-86 Titan 10635 | -4/Factory | Entered Upper Caves 10637 | -4/Upper Caves | UFD Scientist delivered a prototype 10638 | -4/Upper Caves | Found Enh. Scrap Shield 10691 | -4/Upper Caves | Learned Research non-interactive machine intel 10700 | -4/Upper Caves | Found DCF Scrap (14 items) 10796 | -4/Upper Caves | Attracted the attention of an 0b10 outpost 10825 | -4/Upper Caves | System corruption reached 10% 10828 | -4/Upper Caves | Discovered new exit (range 8) 10830 | -4/Upper Caves | Attracted the attention of an 0b10 checkpoint 10830 | -4/Upper Caves | Entered another Upper Caves area 10840 | -4/Upper Caves | Attracted the attention of an 0b10 outpost 10844 | -4/Upper Caves | Activated DRS Beacon 10852 | -4/Upper Caves | Discovered new exit (range 4) 10854 | -4/Upper Caves | Entered Research 10854 | -3/Research | Evolved 2 slots: Propulsion x1, Utility x1 10855 | -3/Research | Loaded intel: 59 non-interactive machine locations 10870 | -3/Research | Lost 3 parts (1n2u) 10899 | -3/Research | Scrapoids reinforcements arrived? 10901 | -3/Research | Garrison activated, responded to threat 10991 | -3/Research | Identified exit to Armory 10991 | -3/Research | Identified exit to Quarantine 11083 | -3/Research | Spotted B-90 Cyclops 11086 | -3/Research | Entered Quarantine 11104 | -3/Quarantine | Found Alien Artifact 11104 | -3/Quarantine | Identified Phase Armor 11113 | -3/Quarantine | Spotted Alpha 7 11131 | -3/Quarantine | Found Alien Launcher 11131 | -3/Quarantine | Identified Sigix Terminator 11133 | -3/Quarantine | Fired Sigix Terminator 11143 | -3/Quarantine | Found Alien Artifact 11143 | -3/Quarantine | Identified Terrabomb 11143 | -3/Quarantine | Used Terrabomb 11147 | -3/Quarantine | Found Terrabomb 11167 | -3/Quarantine | Found Alien Slashing Weapon 11167 | -3/Quarantine | Identified Sigix Broadsword 11208 | -3/Quarantine | Found Alien Artifact 11208 | -3/Quarantine | Identified Phase Redirector 11221 | -3/Quarantine | Discovered new exit (range 5) 11236 | -3/Quarantine | Found Alien Artifact 11236 | -3/Quarantine | Identified Core Reset Matrix 11236 | -3/Quarantine | Used Core Reset Matrix 11240 | -3/Quarantine | Detected hypermatrix surge 11240 | -3/Quarantine | Sensed 9 artifacts in vicinity 11262 | -3/Quarantine | Scanned by Researcher 11271 | -3/Quarantine | Found Transdimensional Reconstructor 11272 | -3/Quarantine | Found Transdimensional Reconstructor 11277 | -3/Quarantine | Found Hpw. Transdimensional Reconstructor 11277 | -3/Quarantine | Warped through subspace 11403 | -3/Quarantine | Lost 4 parts (2n1u1w) 11404 | -3/Quarantine | Spotted Fortress 11426 | -3/Quarantine | Discovered new exit (range 5) 11427 | -3/Quarantine | Entered Section 7 11428 | -3/Section 7 | Sensed 21 artifacts in vicinity 11429 | -3/Section 7 | Spotted S7 Guard 11453 | -3/Section 7 | Found Integrated Reactor 11453 | -3/Section 7 | Installed Integrated Reactor, increased core energy generation (+10) 11496 | -3/Section 7 | Found Microwarp Drive 11543 | -3/Section 7 | Spotted B-86 Titan 11578 | -3/Section 7 | Crushed by falling debris 11590 | -3/Section 7 | Spotted Alpha 7 11591 | -3/Section 7 | Spotted Alpha 7 11596 | -3/Section 7 | Found Integrated Mediator 11596 | -3/Section 7 | Installed Integrated Mediator, increased core attachment efficiency 11615 | -3/Section 7 | Lost 4 parts (1n3u) 11615 | -3/Section 7 | Found Integrated Dissipator 11615 | -3/Section 7 | Installed Integrated Dissipator, increased core heat dissipation (+20) 11642 | -3/Section 7 | Spotted Executioner 11653 | -3/Section 7 | Core integrity fell below 50% 11653 | -3/Section 7 | Spotted B-99 Colossus 11678 | -3/Section 7 | Found LRC Insulator 11678 | -3/Section 7 | Installed LRC Insulator, gained EM resistance (25) 11681 | -3/Section 7 | Found LRC Armor 11681 | -3/Section 7 | Installed LRC Armor, increased core integrity (+250) 11683 | -3/Section 7 | Found LRC Inertial Stabilizer 11683 | -3/Section 7 | Installed LRC Inertial Stabilizer, increased mass support (+10) 11688 | -3/Section 7 | Warped through subspace 11693 | -3/Section 7 | Found Integrated Dissipator 11693 | -3/Section 7 | Installed Integrated Dissipator, increased core heat dissipation (+20) 11695 | -3/Section 7 | Found Integrated Dissipator 11695 | -3/Section 7 | Installed Integrated Dissipator, increased core heat dissipation (+20) 11697 | -3/Section 7 | Warped through subspace 11725 | -3/Section 7 | First assault squad dispatched 11745 | -3/Section 7 | Integrated with Sigix Exoskeleton 11772 | -3/Section 7 | Used Terrabomb 11776 | -3/Section 7 | Found Transdimensional Reconstructor 11780 | -3/Section 7 | Found Terrabomb 11782 | -3/Section 7 | Spotted Executioner 11847 | -3/Section 7 | Discovered new exit (range 15) 11848 | -3/Section 7 | Spotted Striker 11848 | -3/Section 7 | Spotted Executioner 11855 | -3/Section 7 | Spotted S7 Guard 11856 | -3/Section 7 | Scanned by Researcher 11857 | -3/Section 7 | Intercept squad dispatched 11862 | -3/Section 7 | Sigix Exoskeleton integrity reduced to 80% 11862 | -3/Section 7 | Spotted Tracker 11863 | -3/Section 7 | Core integrity fell below 20% 11863 | -3/Section 7 | Spotted Tracker 11873 | -3/Section 7 | Spotted Combat Programmer 11875 | -3/Section 7 | Sigix Exoskeleton integrity reduced to 60% 11875 | -3/Section 7 | System corruption reached 10% 11875 | -3/Section 7 | Spotted Combat Programmer 11875 | -3/Section 7 | Entered Research 11875 | -2/Research | Evolved 2 slots: Utility x2 11880 | -2/Research | Emitted hypermatrix ping 11885 | -2/Research | Assembled emerged from beneath the floor 11898 | -2/Research | Assembled emerged from beneath the floor 11994 | -2/Research | Assembled emerged from beneath the floor 12033 | -2/Research | Assembled emerged from beneath the floor 12038 | -2/Research | Build established: Alien-Sigix 12089 | -2/Research | Assembled emerged from beneath the floor 12133 | -2/Research | Lost 3 allies 12142 | -2/Research | Assembled emerged from beneath the floor 12164 | -2/Research | Intercept squad dispatched 12175 | -2/Research | Discovered new exit (range 18) 12183 | -2/Research | Assembled emerged from beneath the floor 12186 | -2/Research | Spotted Tracker 12186 | -2/Research | Spotted Tracker 12204 | -2/Research | Entered Testing 12235 | -2/Testing | Lost 6 allies 12280 | -2/Testing | Discovered new exit (range 17) 12285 | -2/Testing | Entered Access 12285 | -1/Access | Evolved 2 slots: Utility x1, Weapon x1 12290 | -1/Access | Emitted hypermatrix ping 12295 | -1/Access | Assembled emerged from beneath the floor 12334 | -1/Access | Lost 3 allies 12351 | -1/Access | Assembled emerged from beneath the floor 12356 | -1/Access | Energy Cycler disabled 12402 | -1/Access | Discovered new exit (range 17) 12415 | *** | Heading to fleet! Last Messages --------------- reset. 12386_ ALERT: Lockdown in effect, collecting threat data. 12388_ ALERT: Assault forces dispatched. 12388_ U-05 Engineer lays Concrete. 12390_ M-36 Artificer fits Unknown Hover Unit on W-44 Eye. 12393_ Slug penetrates Wall. 12393_ U-05 Engineer lays Concrete. 12393_ Slug penetrates Wall. 12396_ Quantum Shear penetrates Wall. 12397_ Slug penetrates Wall. 12402_ EXIT=FOUND 12406_ K-01 Serf destroyed. 12407_ Acquired 10 matter. 12413_ The Access Shell folds into the floor. [Achievement: 20k Club] [Achievement: 30k Club] [Achievement: Home At Last?] [Achievement: Winner's Signature] Map ----- +----------------------------------------------------+ | != % # # ## | | != # ######### | | % != ###"#+######"### = ######+##+ | | =! | | #######"# | | ######### #####+###+ | | ? ########## #### | | ???????############## ########## #### | | ?????????############## ########## #### | | ?????????? "" ###### ########## #### | | ???????????"" ### ####### #### | | ???????????"""" ### ####### #### | | ????????????""" ### ####### ##########+ | | ????????????? ### ####### ######### | | ????????????? ### BB BB ####### | | ???????????? ### BB BB ####### | | ???????????? ### ####### | | ??????????? ###""""""""""####### "" | | ?????????? [ ###""""""""""####### "" | | ??????????##########""""""""""####### """""" | | ?????????? ######""""""""""###### """""" | | ????????? Y ###### ###### "" | | ?????????C ###### ###### "" | | ?????????# ###### ###### | | ?????????## ####### "" ###### | | ?????????## ####### "X ###### | | ???????? # ####### ###### | | ????????? # ####### ###### | | ????????? # ####### ###### | | ????????? # ####### ###### | | ???????? #w ###### ##### C | | ????????? / #######"" ###### ########### | | ????????? # #######"" ###### ########### | | ???????? # #######"" ######% ########### | | ????????? + #######T ###### %k########### | | ????????? # #######"" ###### * ########### | | ?????????## #######"" ###### # ## | | ?????????## #######"" ###### # ## | | ????????? k k s # ""## | | ?????????? s s + ""## | | ??????????#+######################### # T"## | | ?????????? ##################### # ] ""## | | ??????????? "################### # ""## | | ??????????? ""################### # ## | | ??????????? ""################### # / | | ???????????? ""######## ## ########### | | ????????????? ""######## * ## ########### | | ????????????? T"######## """ # ########## | | ?????????????? ""######## ""T"" / ########## | | ??????????????? ""######## "" "" # ########## | +----------------------------------------------------+ Best States ------------- Heat Dissipation 172 Energy Generation 71 Energy Capacity 290 Matter Stores 300 Matter Capacity 450 Sight Range 20 Robot Scan Range 18 Terrain Scan Range 20 Terrain Scan Density 110 Jamming Range 16 Additional Mass Support 16 Armor Coverage 800 Resistance: KI 50 Resistance: TH 50 Resistance: EX 50 Resistance: EM 75 Resistance: I 50 Resistance: S 50 Resistance: P 50 Point Defense Rating 240 Evasion (%) 74 Recoil Reduction 2 Offensive Hacking 12 Defensive Hacking 22 Item Schematics ----------------- None Robot Schematics ------------------ None Fabricated ------------ Nothing Alien Tech Used ----------------- Phase Armor Sigix Terminator Terrabomb Sigix Broadsword Phase Redirector Core Reset Matrix High-powered Transdimensional Reconstructor Integrated Reactor Microwarp Drive Integrated Mediator Integrated Dissipator LRC Insulator LRC Armor LRC Inertial Stabilizer Transdimensional Reconstructor Sigix Exoskeleton Sigix Sheargun Achievements -------------- 20k Club 30k Club Alien Roots Artifact Hunter Beloved Home At Last? Most Wanted Nope Signature Confirmed Winner's Signature Challenges ------------ None Game ------ Seed RagnarokAerolevPod Manual? 0 Play Time 03:35:42 Cumulative 84.9 hours Start 2024.08.23 @ 23:22:55 End 2024.08.24 @ 18:57:44 Sessions 7 Manual Loads 0 Difficulty Rogue Special Mode None Game No. 100 Rogue 100 Adventurer 0 Explorer 0 Win Type 2 Total 3 Types 2/0/1/0/0/0/0/0/0 Lore% 42 Gallery% 53 Achievement% 46 Wizard Run 0 Options --------- Layout 1 ASCII 0 Keyboard 0 Movement Mouse Keybinds 0 Fullscreen 2 Font 48/Smallcaps Map View 50x35 Zoom Use 0% Tactical HUD 1 Map Filters SHIFT_HUE(280) Filters LOW_CONTRAST(13,24,33)|SHIFT_HUE(80) Steam 1 RUN: d8be476c-1219-456d-9cf2-05c6f7a05e17